 Dungeon Crawl Stone Soup version 0.17.1-1-g73c8601 (webtiles) character file.

165 Miyamura the Grasshopper (level 5, -2/50 HPs)
             Began as a Troll Warper on Dec 26, 2015.
             Was an Initiate of Cheibriados.
             Slain by a scorpion (4 damage)
             ... on level 4 of the Dungeon.
             The game lasted 00:07:30 (2304 turns).

Miyamura the Grasshopper (Troll Warper)             Turns: 2304, Time: 00:07:30

Health: -2/50      AC:  6    Str: 20    XL:     5   Next: 21%
Magic:  6/6        EV: 10    Int: 11    God:    Cheibriados [......]
Gold:   104        SH:  0    Dex: 10    Spells: 3 memorised, 1 level left

rFire  . . .     SeeInvis .     a - +0 mace
rCold  . . .     Clarity  .     b - +0 robe
rNeg   + . .     SustAt   .     (no shield)
rPois  .         Gourm    +     (helmet restricted)
rElec  .         Spirit   .     j - +0 cloak
rCorr  .         Warding  .     (gloves unavailable)
rMut   .         Stasis   .     (boots unavailable)
MR     .....                    (no amulet)
Stlth  +.........               (no ring)
                                m - ring of positive energy

@: lethally poisoned (-2 -> -5), very slightly contaminated, very slow, not
resistant to hostile enchantments, very unstealthy
A: unfitting armour, claws 3, fast metabolism 3, gourmand, regeneration 2,
shaggy fur 1, tough skin 2
a: Bend Time, Renounce Religion


You were on level 4 of the Dungeon.
You worshipped Cheibriados.
Cheibriados was noncommittal.
You were full.

You visited 1 branch of the dungeon, and saw 4 of its levels.

You collected 104 gold pieces.

Inventory:

Hand Weapons
 a - a +0 mace (weapon)
Armour
 b - a +0 robe (worn)
 j - a +0 cloak (worn)
Jewellery
 m - a ring of positive energy (left claw)
Wands
 k - a wand of digging (10)
Books
 c - a book of Spatial Translocations

   Spells                             Type                      Level
   a - Apportation                    Translocation                1
   b - Blink                          Translocation                2
   c - Shroud of Golubria             Charms/Translocation         2
   d - Portal Projectile              Translocation                3
   e - Teleport Other                 Translocation                3
   f - Passage of Golubria            Translocation                4
Comestibles
 f - a bread ration
 g - a beef jerky
 i - a meat ration


   Skills:
 + Level 2.3 Fighting
 + Level 2.5 Maces & Flails
 + Level 1.7 Throwing
 + Level 2.6 Dodging
 + Level 1.7 Spellcasting
 + Level 2.7 Translocations


You had one spell level left.
You knew the following spells:

 Your Spells              Type           Power        Failure   Level  Hunger
a - Apportation           Tloc           #.........   12%         1    ##.....
b - Blink                 Tloc           N/A          17%         2    ###....
c - Portal Projectile     Tloc           #.....       30%         3    ####...


Dungeon Overview and Level Annotations

Branches:
Dungeon (4/15)
 Temple: D:4-7

Altars:
Cheibriados

Annotations:
D:3 Sigmund


Innate Abilities, Weirdness & Mutations

You are too large for most types of armour.
You have claws for hands.
Your metabolism is lightning-fast.
You like to eat raw meat.
You heal very quickly.
You are covered in fur (AC +1).
You have very tough skin (AC +2).


Message History

You hit the scorpion.
The scorpion is heavily wounded.
You feel sick. The scorpion stings you.
* * * LOW HITPOINT WARNING * * *
You are lethally poisoned!
The scorpion poisons you!
You hit the scorpion but do no damage.
The scorpion is heavily wounded.
* * * LOW HITPOINT WARNING * * *
You feel sick.
The scorpion stings you but does no damage.
You barely miss the scorpion.
The scorpion is heavily wounded.
* * * LOW HITPOINT WARNING * * *
You feel sick. The scorpion barely misses you.
You barely miss the scorpion.
The scorpion is heavily wounded.
* * * LOW HITPOINT WARNING * * *
You feel sick. The scorpion stings you.
You die...

#.####.#.##.#
#......#.####
.##########.#
.........##.#
########.##.#
........$...#
..####.#####
#s# #@# ....
#.# .... #.#
....... ###.#
....... #...#
....... #.#####
.......##.....#
.........####.#
.......#.#


You could see a scorpion.

Vanquished Creatures
  A scorpion (D:4)
  Natasha (D:2)
  4 adders
  2 giant geckos
  5 orcs (D:3)
  A ball python (D:2)
  2 bats
  3 giant cockroaches (D:2)
  4 hobgoblins
  11 jackals (D:2)
  4 kobolds
  4 giant newts
  7 goblins
  A jackal skeleton (D:4)
  7 rats
57 creatures vanquished.

Notes
Turn   | Place    | Note
--------------------------------------------------------------
     0 | D:1      | Miyamura the Troll Warper began the quest for the Orb.
     0 | D:1      | Reached XP level 1. HP: 19/19 MP: 1/1
   893 | D:2      | Reached skill level 1 in Throwing
   893 | D:2      | Reached XP level 2. HP: 27/27 MP: 3/3
  1083 | D:2      | Reached XP level 3. HP: 35/35 MP: 4/4
  1449 | D:2      | Noticed Natasha
  1453 | D:2      | Killed Natasha
  1453 | D:2      | Reached XP level 4. HP: 33/42 MP: 5/5
  1921 | D:3      | Learned a level 2 spell: Blink
  1925 | D:3      | Learned a level 3 spell: Portal Projectile
  2004 | D:3      | Found a snail-covered altar of Cheibriados.
  2017 | D:3      | Became a worshipper of Cheibriados the Contemplative
  2111 | D:3      | Noticed Sigmund
  2217 | D:4      | Reached XP level 5. HP: 35/50 MP: 6/6
  2272 | D:4      | HP: 2/50 [scorpion (8)]
  2277 | D:4      | HP: 2/50 [poisoned by a scorpion]
  2304 | D:4      | HP: 2/50 [poisoned by a scorpion]
  2304 | D:4      | Slain by a scorpion

Action                   |  1- 3 |  4- 6 || total
-------------------------+-------+-------++-------
Melee: Mace              |   133 |    92 ||   225
Throw: Tomahawk          |     1 |     4 ||     5
       Large rock        |       |     4 ||     4
 Cast: Blink             |       |     1 ||     1
  Use: Scroll            |     6 |     4 ||    10
 Stab: Sleeping          |     1 |     1 ||     2
  Eat: Chunk             |    15 |     6 ||    21
       Bread ration      |     1 |       ||     1
